 Dungeon Crawl Stone Soup version 0.30-a0-341-g682706514a (webtiles) character file.

Game seed: 15638412180807777093

65 bande the Covered (level 4, 0/29 HPs)
             Began as a Gargoyle Fighter on Nov 1, 2022.
             Was an Initiate of Okawaru.
             Slain by a gnoll
             ... wielding a +2 spear of venom
              (2 damage)
             ... on level 2 of the Dungeon.
             The game lasted 00:01:50 (1194 turns).

bande the Covered (Gargoyle Fighter)                Turns: 1194, Time: 00:01:51

Health: 0/29       AC: 10    Str: 25    XL:     4   Next: 14%
Magic:  4/4        EV:  9    Int:  9    God:    Okawaru [......]
Gold:   76         SH:  4    Dex: 11    Spells: 3/3 levels left

rFire   . . .      SeeInvis .    a - +0 war axe
rCold   . . .      Faith    .    c - +0 buckler
rNeg    + . .      Spirit   .    b - +0 scale mail
rPois   ∞          Reflect  .    (no helmet)
rElec   +          Harm     .    (no cloak)
rCorr   .          Rampage  .    (no gloves)
Will    .....                    (no boots)
Stlth   ..........               (no amulet)
HPRegen 0.24/turn                g - +6 ring of strength
MPRegen 0.09/turn                (no ring)

@: no status effects
A: sickness immunity, AC +3, negative energy resistance 1, electricity
resistance, torment resistance 1, petrification resistance
a: Renounce Religion


You were on level 2 of the Dungeon.
You worshipped Okawaru.
Okawaru was noncommittal.
You visited 1 branch of the dungeon, and saw 2 of its levels.

You collected 76 gold pieces.

Inventory:

Hand Weapons
 a - a +0 war axe (weapon)
Armour
 b - a +0 scale mail (worn)
 c - a +0 buckler (worn)
Jewellery
 g - a +6 ring of strength (left hand)
Scrolls
 i - 2 scrolls of identify {unknown}
 j - a scroll of vulnerability {unknown}
 l - a scroll of fear {unknown}
 m - a scroll of magic mapping {unknown}
Potions
 d - a potion of might
 e - a potion of heal wounds {unknown}
 f - 2 potions of cancellation {unknown}
 h - a potion of berserk rage {unknown}
 k - a potion of haste {unknown}
 n - 2 potions of degeneration {unknown}


   Skills:
 + Level 3.7 Fighting
 + Level 2.6 Axes
 + Level 4.1 Armour
 + Level 3.5 Shields
 * Level 0.3 Invocations


You had 3 spell levels left.
You didn't know any spells.
Your spell library was empty.

Dungeon Overview and Level Annotations

Branches:
Dungeon (2/15)

Altars:
Okawaru


Innate Abilities, Weirdness & Mutations

You are immune to sickness and miasma.
Your stone body is resilient. (AC +3)
You are immune to poison.
You resist negative energy. (rN+)
You are resistant to electric shocks. (rElec)
You are resistant to unholy torment.
You are immune to petrification.


Message History

Okawaru accepts your kill. You block the gnoll's attack.
You see here a quokka corpse.
The gnoll hits you with a +0 halberd.
You hit the gnoll but do no damage. You block the gnoll's attack.
The gnoll hits you with a +0 halberd. The gnoll closely misses you. x2
You hit the gnoll.
The gnoll is lightly wounded.
You hit the hobgoblin. You block the gnoll's attack. The hobgoblin misses you.
The gnoll hits you but does no damage.
Unknown command.
You hit the gnoll but do no damage.
The gnoll is lightly wounded.
You hit the hobgoblin.
You kill the hobgoblin!
Okawaru accepts your kill. You block the gnoll's attack.
The gnoll closely misses you.
You slash the gnoll!
The gnoll is almost dead.
You hit the gnoll but do no damage. The gnoll hits you with a +0 halberd.
You block the gnoll's attack.
The gnoll hits you from afar with a +2 spear of venom.
The gnoll hits you but does no damage.
The gnoll hits you from afar with a +2 spear of venom!
* * * LOW HITPOINT WARNING * * *
The gnoll barely misses you.
You closely miss the gnoll.
The gnoll is almost dead.
You slash the gnoll!
The gnoll hits you but does no damage. x2
You block the gnoll's attack.
Unknown command.
You barely miss the gnoll.
The gnoll is almost dead.
You slash the gnoll!
You kill the gnoll!
Okawaru accepts your kill. The gnoll hits you with a +0 halberd.
* * * LOW HITPOINT WARNING * * *
The gnoll hits you from afar with a +2 spear of venom.
You die...

#.########.........
.........#.....########.
...#####.#.....#........
.......#.#.....#........
..
.........#.....#........
#+#..
...#.#..................
#.#...
#....#####..#..g........
......
............#..)g######
......
...#####..).....@†..#
......
.......#.#.†........#
......
...........†........#
..###.
###+###.............#
......
.....##.............#
.####.
.........############
...... .....##### #####
..##.. .....# #...# #..
.....# ########...# #..


You could see 2 gnolls.

Vanquished Creatures
  A gnoll (D:2)
  An adder (D:2)
  A dart slug (D:1)
  An orc (D:2)
  4 ball pythons (D:1)
  3 endoplasms
  4 giant cockroaches
  5 goblins (D:1)
  8 hobgoblins
  5 jackals
  4 quokkas
  3 bats (D:1)
  3 frilled lizards
  2 kobolds (D:2)
  3 rats
48 creatures vanquished.

Notes
Turn   | Place    | Note
-------+----------+-------------------------------------------
     0 | D:1      | bande the Gargoyle Fighter began the quest for the Orb.
     0 | D:1      | Reached XP level 1. HP: 14/14 MP: 1/1
    58 | D:1      | Reached XP level 2. HP: 19/19 MP: 2/2
   313 | D:1      | Reached skill level 4 in Armour
   313 | D:1      | Reached XP level 3. HP: 20/23 MP: 3/3
   999 | D:2      | Found an iron altar of Okawaru.
  1011 | D:2      | Became a worshipper of Warmaster Okawaru
  1114 | D:2      | Reached XP level 4. HP: 27/29 MP: 4/4
  1194 | D:2      | Slain by a gnoll

Illustrated notes

Levels and vault maps discovered:
D:1:      dpeg_arrival_erosion, layout_basic
D:2:      layout_basic, basic_altar

Skill      XL: |  1  2 |
---------------+-------+-----
Axes           | 2 |  2.6
Armour         | 4 |  4.1
Fighting       | |  3.7
Shields        | |  3.5
Invocations    | |  0.3

Action                   |  1- 3 |  4- 6 || total
-------------------------+-------+-------++-------
Melee: War axe           |   105 |    11 ||   116
Armor: Scale mail        |    61 |     7 ||    68
Dodge: Dodged            |    78 |    12 ||    90
Block: Buckler           |    32 |     6 ||    38

Table legend: (Time is in decaauts)
 A = Elapsed time spent in this place.
 B = Non-inter-level travel time spent in this place.
 C = Inter-level travel time spent in this place.
 D = Time resting spent in this place.
 E = Time spent auto-exploring this place.
 F = Levels seen in this place.
 G = Mean time per level.
                   A        B        C        D        E       F      G
               +--------+--------+--------+--------+--------+-----+--------+
         Total |   1243 |   1209 |     34 |      0 |    875 |   2 |  621.5 |
       Dungeon |   1243 |   1209 |     34 |      0 |    875 |   2 |  621.5 |
               +--------+--------+--------+--------+--------+-----+--------+

Top non-repeatable levels by time:
     D:1: 848 daAuts
     D:2: 395 daAuts
